 Dungeon Crawl Stone Soup version 0.30.0-29-ga12c61a403 (webtiles) character file.

Game seed: 5858754181117598337

1691 LustLizard the Ruffian (level 9, -11/62 HPs)
             Began as an Octopode Berserker on June 9, 2023.
             Was an Elder of Trog.
             Shot with a bolt by a gnoll sergeant (16 damage)
             ... in a bailey.
             The game lasted 00:12:39 (6491 turns).

LustLizard the Ruffian (Octopode Berserker)         Turns: 6491, Time: 00:12:39

Health: -11/62     AC:  1    Str: 20    XL:     9   Next: 2%
Magic:  0/9        EV: 14    Int: 10    God:    Trog [****..]
Gold:   280        SH:  0    Dex: 11    Spells: 8/8 levels left

rFire   . .          .
                       - Unarmed
rCold   . . .        (no shield)
rNeg    . . .        (helmet restricted)
rPois   +            x - amulet of guardian spirit
rElec   .            w - ring of poison resistance
rCorr   .            (no ring)
SInv    .            (no ring)
Will    .....        (no ring)
Stlth   ++++         (no ring)
HPRegen 0.30/turn    (no ring)
MPRegen 0.11/turn    (no ring)
                     (no ring)

%: guardian spirit
@: weakened
A: almost no armour, amphibious, 8 rings, camouflage 1, gelatinous body 1,
(nimble swimmer 1), tentacles
a: Renounce Religion, Berserk, Trog's Hand, Brothers in Arms


You were in a bailey.
You worshipped Trog.
Trog was greatly pleased with you.
You visited 2 branches of the dungeon, and saw 8 of its levels.
You also visited: Bailey.

You collected 280 gold pieces.

Inventory:

Missiles
 C - 6 throwing nets (quivered)
Jewellery
 w - a ring of poison resistance (left tentacle)
 x - an amulet of guardian spirit (around mantle)
 A - a ring of protection from cold
 B - an amulet of magic regeneration
Wands
 y - a wand of flame (28)
Scrolls
 c - 3 scrolls of fear {unknown}
 d - a scroll of noise {unknown}
 e - 5 scrolls of magic mapping
 g - 2 scrolls of blinking {unknown}
 i - a scroll of vulnerability {unknown}
 j - 4 scrolls of poison
 l - a scroll of amnesia {unknown}
 n - a scroll of butterflies {unknown}
 q - 3 scrolls of immolation {unknown}
 r - a scroll of teleportation {unknown}
 t - a scroll of enchant armour {unknown}
 z - a scroll of fog {unknown}
Potions
 a - 3 potions of mutation
 b - a potion of ambrosia
 f - a potion of degeneration {unknown}
 h - 5 potions of curing
 k - a potion of heal wounds {unknown}
 m - 2 potions of berserk rage
 o - a potion of might {unknown}
 p - 2 potions of lignification {unknown}
 s - a potion of haste {unknown}
 u - 3 potions of brilliance {unknown}
 v - a potion of cancellation {unknown}


   Skills:
 + Level 5.8 Fighting
 + Level 5.8 Dodging
 + Level 6.9 Stealth
 * Level 7.7 Unarmed Combat


You had 8 spell levels left.
You didn't know any spells.
Your spell library was empty.

Dungeon Overview and Level Annotations

Branches:
Dungeon (7/15)             Temple (1/1) D:5          Bailey (1/1)

Altars:
Ashenzari
Cheibriados
Dithmenos
Elyvilon
Hepliaklqana
Makhleb
Okawaru
Qazlal
Ru
Sif Muna
Trog
Uskayaw
Vehumet
Xom
Yredelemnul

Shops:
D:3 [

Annotations:
D:4 1 runed translucent door, wesleywilliam's ghost, amateur MiFi
D:6 Grinder; Prince Ribbit


Innate Abilities, Weirdness & Mutations

You cannot wear most types of armour.
You are amphibious.
You can wear up to eight rings at the same time.
Your skin changes colour to match your surroundings (Stealth+).
Your rubbery body absorbs attacks. (AC +1, EV +1)
((You are camouflaged when in or above water. (Stealth+)))
You have tentacles for arms and can constrict up to eight enemies at once.


Message History

The wolf closely misses you.
You closely miss the wolf. Your grab misses the wolf.
The wolf is heavily wounded.
The wolf barely misses you. The wolf bites you!
You miss the wolf. Your grab misses the wolf. Your squeeze misses the wolf.
The wolf is heavily wounded.
A gnoll bouda comes into view. It is wielding a +0 trident.
The wolf bites you.
You miss the wolf.
The gnoll bouda shouts!
Your grab misses the wolf.
The wolf is heavily wounded.
You hear a shout! x2
The wolf misses you. The wolf bites you.
You hear a shout!
A gnoll sergeant comes into view.
It is wielding the +5 arbalest "Nomuro" {freeze, Str+3}.
You tentacle-slap the wolf but do no damage.
Your grab misses the wolf. Your squeeze misses the wolf.
The wolf is heavily wounded.
You hear a shout!
The wolf bites you!
* * * LOW HITPOINT WARNING * * *
You bludgeon the wolf!
You kill the wolf!
Trog accepts your kill.
The gnoll bouda barks out a call to the hunt!
The gnoll sergeant picks up the pace!
You have reached level 9!
Your experience leads to an increase in your attributes!
Increase (S)trength, (I)ntelligence, or (D)exterity?
You feel stronger. x2
Okay, then.
The gnoll sergeant shoots a bolt.
The bolt hits you!
* * * LOW HITPOINT WARNING * * *
The bolt freezes you.
* * * LOW HITPOINT WARNING * * *
The gnoll bouda gazes fiercely through you!
You feel your attacks grow feeble.
The gnoll sergeant shoots a bolt.
The bolt hits you!!
You die...

♣♣♣♣♣♣♣♣♣♣♣♣♣♣♣♣♣♣♣♣
≈≈≈≈≈≈≈≈≈≈≈≈≈≈≈≈≈≈≈♣♣
..#############)..≈≈♣
### ##@÷.≈♣ # ##.)≈♣
# #..≈♣ # #).≈♣ #
#..≈♣ #### ##'##..≈♣
'... #...g..≈♣ '...
.g'....g.≈♣ '...
..#......≈♣


You could see a gnoll sergeant (swift).

Vanquished Creatures
  A wyvern (D:7)
  2 black bears
  An ice beast (D:6)
  An ogre (D:6)
  2 wolves (Bailey)
  A phantom (D:5)
  A bullfrog (D:6)
  A gnoll sergeant (Bailey)
  A scorpion (D:5)
  A howler monkey (D:6)
  2 hounds (Bailey)
  2 jellies
  2 gnoll boudas (Bailey)
  4 iguanas
  An orc wizard (D:5)
  16 gnolls
  13 adders
  A shadow imp (D:6)
  3 worms
  6 dart slugs
  13 orcs
  6 endoplasms
  2 giant cockroaches
  12 goblins
  4 hobgoblins
  15 jackals
  6 kobolds
  5 quokkas
  15 ball pythons
  6 bats
  4 frilled lizards
  3 rats (D:1)
153 creatures vanquished.

Notes
Turn   | Place    | Note
-------+----------+-------------------------------------------
     0 | D:1      | LustLizard the Octopode Berserker began the quest for the
                  | Orb.
     0 | D:1      | Reached XP level 1. HP: 16/16 MP: 1/1
   122 | D:1      | Reached XP level 2. HP: 21/21 MP: 2/2
   149 | D:1      | Reached skill level 1 in Stealth
   461 | D:1      | Reached XP level 3. HP: 19/26 MP: 3/3
   672 | D:1      | Reached ** piety under Trog
   947 | D:2      | Reached XP level 4. HP: 29/31 MP: 4/4
  1308 | D:2      | Reached skill level 4 in Unarmed Combat
  1385 | D:3      | Found Idoggouj's Armour Shoppe.
  1559 | D:3      | Reached XP level 5. HP: 31/36 MP: 5/5
  1853 | D:3      | Reached *** piety under Trog
  2311 | D:4      | Reached XP level 6. HP: 30/43 MP: 6/6
  2418 | D:4      | Noticed a black bear
  2441 | D:4      | Killed a black bear
  2442 | D:4      | Reached skill level 5 in Unarmed Combat
  2872 | D:4      | Found a runed translucent door.
  3193 | D:4      | Reached XP level 7. HP: 48/48 MP: 7/7
  3306 | D:4      | Noticed wesleywilliam's ghost (amateur MiFi)
  3306 | D:4      | Found the +6 shillelagh "Devastator" {shatter}
  3329 | D:5      | Entered Level 5 of the Dungeon
  3384 | D:5      | Found a staircase to the Ecumenical Temple.
  3435 | D:5      | Reached **** piety under Trog
  3481 | Temple   | Entered the Ecumenical Temple
  4114 | D:5      | Found a shimmering altar of Xom.
  4546 | D:6      | Reached skill level 5 in Stealth
  4546 | D:6      | Reached skill level 6 in Unarmed Combat
  4686 | D:6      | Reached skill level 5 in Dodging
  4686 | D:6      | Reached XP level 8. HP: 54/54 MP: 8/8
  4770 | D:6      | Found a bloodstained altar of Trog.
  4771 | D:6      | Found an iron altar of Okawaru.
  4776 | D:6      | Reached skill level 5 in Fighting
  5108 | D:6      | Noticed Prince Ribbit
  5225 | D:6      | Noticed Grinder
  5400 | D:7      | Noticed a wyvern
  5414 | D:7      | Killed a wyvern
  5415 | D:7      | Reached skill level 7 in Unarmed Combat
  5477 | D:7      | Found a flagged portal.
  5593 | Bailey   | Entered a bailey
  6488 | Bailey   | Identified the +5 arbalest "Nomuro" {freeze, Str+3}
  6490 | Bailey   | Reached XP level 9. HP: 16/62 MP: 2/9
  6491 | Bailey   | Shot with a bolt by a gnoll sergeant

Illustrated notes

Levels and vault maps discovered:
D:1:      shiori_arrival_oz, layout_loops_ring
D:2:      layout_rooms, kennysheep_generic_room_5
D:3:      layout_rooms, serial_shops, shop
D:4:      layout_cave_pools, ebering_ghost_reflecting_pool, minmay_snake_closets
D:5:      nicolae_cairo_tiling, layout_basic, brannock_xom_greatest_gift,
          minmay_temple_entry_junction
D:6:      layout_rooms, grunt_temple_overflow_bloody_war, uniq_prince_ribbit1,
          uniq_grinder
D:7:      layout_loops_ring, mainiacjoe_overflow_catch_the_wave, enter_bailey_2,
          minivault_22, nicolae_fountain_basement
Temple:   nicolae_temple_x_marks_the_god
Bailey:   bailey_polearm_gnolls_kennysheep, bailey

Skill      XL: |  1  2  3  4  5  6  7  8 |
---------------+-------------------------+-----
Stealth        | 1 2 3 4 5 6 |  6.9
Unarmed Combat | 4 5 6 7 |  7.7
Fighting       | 4 5 |  5.8
Dodging        | 4 5 |  5.8

Action                     |  1- 3 |  4- 6 |  7- 9 || total
---------------------------+-------+-------+-------++-------
  Melee: Unarmed           |    73 |   147 |   161 ||   381
         Constrict         |    20 |    47 |    34 ||   101
         Tentacles         |    19 |    35 |    41 ||    95
         Punch             |     1 |     2 |    11 ||    14
 Invoke: Berserk           |       |     1 |     1 ||     2
    Use: Scroll            |     1 |     4 |     2 ||     7
   Stab: Sleeping          |     6 |    14 |     2 ||    22
         Distracted        |       |       |     1 ||     1
 Armour: Skin              |     6 |     5 |     7 ||    18
  Dodge: Dodged            |    45 |    94 |   109 ||   248
